 Dungeon Crawl Stone Soup version 0.28-a0-723-g095bd1b44f (webtiles) character file.

Game seed: 6836740484269518812

213 flotson the Sneak (level 5, -2/38 (43) HPs)
             Began as a Demonspawn Delver on Oct 25, 2021.
             Slain by a wight (4 damage)
             ... on level 3 of the Dungeon.
             The game lasted 00:05:27 (2841 turns).

flotson the Sneak (Demonspawn Delver)               Turns: 2841, Time: 00:05:28

HP:   -2/38 (43)    AC:  5    Str: 13    XL:     5   Next: 59%
MP:   5/5           EV: 11    Int: 13    God:
Gold: 141           SH:  0    Dex: 15    Spells: 4/4 levels left

rFire   . . .      SeeInvis .   a - +5 dagger
rCold   . . .      Faith    .   (no shield)
rNeg    . . .      Spirit   .   l - +0 ring mail
rPois   .          Reflect  .   (no helmet)
rElec   .          Harm     .   (no cloak)
rCorr   .          Rampage  .   (no gloves)
Will    .....                   (no boots)
Stlth   ++........              h - amulet of magic regeneration
HPRegen 0.12/turn               (no ring)
MPRegen 0.34/turn               (no ring)

@: heavily drained
A: ignite blood 1, spiny 1, big brain 1
a: no special abilities


You were on level 3 of the Dungeon.
You visited 2 branches of the dungeon, and saw 6 of its levels.

You collected 141 gold pieces.

Inventory:

Hand Weapons
 a - a +5 dagger (weapon)
 b - a +1 vorpal long sword
 e - a +0 hand axe
 i - a +0 flail
Armour
 l - a +0 ring mail (worn)
 n - a +0 leather armour
Jewellery
 h - an amulet of magic regeneration (around neck)
Wands
 g - a wand of digging (3)
 p - a wand of iceblast (19)
Scrolls
 c - a scroll of fog
 d - a scroll of teleportation {unknown}
 f - a scroll of blinking {unknown}
 j - a scroll of holy word {unknown}
 q - 2 scrolls of identify {unknown}
 r - a scroll of magic mapping
Potions
 k - a potion of berserk rage {unknown}
 m - 2 potions of cancellation {unknown}
 o - a potion of degeneration {unknown}


   Skills:
 + Level 4.4 Fighting
 - Level 1.7 Axes
 + Level 2.6 Armour
 + Level 3.3 Dodging
 - Level 4.5 Stealth


You had 4 spell levels left.
You didn't know any spells.
Your spell library was empty.

Dungeon Overview and Level Annotations

Branches:
Dungeon (5/15)             Temple (1/1) D:5

Altars:
Cheibriados
Dithmenos
Elyvilon
Hepliaklqana
Makhleb
Okawaru
Qazlal
Trog
Uskayaw
Yredelemnul
Lugonu

Shops:
D:3 (


Innate Abilities, Weirdness & Mutations

Your demonic aura sometimes causes spilled blood to erupt in flames.
You are partially covered in sharp spines.
You have an unusually large brain. (Int +2)


Message History

No target in view!
No target in view!
No target in view!
No target in view!
A wight is nearby!
There is a stone staircase leading up, spattered with blood here.
You climb upwards.
There is a stone staircase leading down, spattered with blood here.
You start resting.
HP restored.
You climb downwards.
There is a stone staircase leading up, spattered with blood here.
There is a stone staircase leading down here.
You see here a +0 mace.
The wight hits you with a +4 halberd!
You feel drained.
You hit the wight but do no damage. The wight hits you with a +4 halberd!
You feel drained.
You are too injured to fight recklessly!
You are too injured to fight recklessly!
You are too injured to fight recklessly!
You are too injured to fight recklessly!
You are too injured to fight recklessly!
You are too injured to fight recklessly!
You are too injured to fight recklessly!
You are too injured to fight recklessly!
You puncture the wight!
The wight is heavily damaged.
The wight barely misses you.
You hit the wight.
The wight is almost destroyed.
The wight closely misses you.
You hit the wight.
The wight is almost destroyed.
The wight closely misses you.
You hit the wight but do no damage.
The wight is almost destroyed.
The wight hits you with a +4 halberd!
* * * LOW HITPOINT WARNING * * *
You feel drained.
You die...

#.# #.# #.# #.# #.#
#####.# .##
#<รท?..############ ..
##>............... ..
#.##.)@z....###.# #.
#.##...))...# #.# #.
#.##........###.######.
#.###'####'#...........
#......................
############.###.######
#.# #......# #.#
#.####.# .$# #.# #g#


You could see a wight.

Vanquished Creatures
  A wight (D:2)
  2 orc wizards (D:3)
  4 gnolls
  4 adders
  3 dart slugs
  2 orcs
  3 bats
  3 endoplasms
  2 giant cockroaches
  2 goblins (D:3)
  A hobgoblin (D:1)
  4 kobolds
  A quokka (D:3)
  6 ball pythons
  3 frilled lizards
  6 rats
47 creatures vanquished.

Vanquished Creatures (others)
  A plant (D:5)
1 creature vanquished.

Grand Total: 48 creatures vanquished

Notes
Turn   | Place    | Note
-------+----------+-------------------------------------------
     0 | D:5      | flotson the Demonspawn Delver began the quest for the Orb.
     0 | D:5      | Reached XP level 1. HP: 18/18 MP: 1/1
    14 | Temple   | Entered the Ecumenical Temple
    99 | D:4      | Found a hazy altar of Hepliaklqana.
   131 | D:4      | Noticed a necrophage
   160 | D:4      | Noticed a hound
   255 | D:1      | Gained mutation: You have an unusually large brain. (Int
                  | +2) [demonic ancestry]
   255 | D:1      | Reached XP level 2. HP: 24/24 MP: 2/2
   375 | D:1      | Reached skill level 1 in Armour
   521 | D:1      | Gained mutation: Your demonic aura sometimes causes spilled
                  | blood to erupt in flames. [demonic ancestry]
   521 | D:1      | Reached XP level 3. HP: 25/29 MP: 3/3
  1206 | D:3      | Gained mutation: You are partially covered in sharp spines.
                  | [demonic ancestry]
  1206 | D:3      | Reached XP level 4. HP: 30/37 MP: 4/4
  1291 | D:3      | Found Ischapecw's Weapon Boutique.
  1368 | D:2      | HP: 1/35 [wight (3)]
  1372 | D:2      | Reached XP level 5. HP: 1/42 MP: 5/5
  2841 | D:3      | Slain by a wight

Illustrated notes

Levels and vault maps discovered:
D:1:      shiori_shiawase, layout_rooms, minmay_3d_cube
D:2:      layout_basic, st_stairs_11, chequers_avenue
D:3:      layout_basic, serial_shops, nicolae_shop_stone
D:4:      layout_rooms, nicolae_overflow_crystal_walls,
          gammafunk_temple_overflow_claw
D:5:      layout_rooms, marbit_many_paths, grunt_gozag_statues,
          mainiacjoe_overflow_brackets, minmay_temple_entry_statues_pillars,
          serial_shops, nicolae_square_shop, serial_bayou_pond_c,
          minmay_ogre_servants, uniq_blork_the_orc
Temple:   corrupted_temple

Skill      XL: |  1  2  3  4 |
---------------+-------------+-----
Dodging        | 2 3 |  3.3
Armour         | 1 2 |  2.6
Fighting       | 4 |  4.4
Axes           | |  1.7
Stealth        | |  4.5

Action                   |  1- 3 |  4- 6 || total
-------------------------+-------+-------++-------
Melee: Flail             |    80 |    18 ||    98
       Hand axe          |     3 |       ||     3
       Dagger            |       |    27 ||    27
  Use: Scroll            |     1 |     1 ||     2
       Potion            |     1 |     1 ||     2
 Stab: Sleeping          |     6 |     2 ||     8
Armor: Ring mail         |    51 |    11 ||    62
Dodge: Dodged            |    56 |    24 ||    80

Table legend: (Time is in decaauts)
 A = Elapsed time spent in this place.
 B = Non-inter-level travel time spent in this place.
 C = Inter-level travel time spent in this place.
 D = Time resting spent in this place.
 E = Time spent auto-exploring this place.
 F = Levels seen in this place.
 G = Mean time per level.
                   A        B        C        D        E       F      G
               +--------+--------+--------+--------+--------+-----+--------+
         Total |   2845 |   2562 |    283 |    586 |   1375 |   6 |  474.2 |
       Dungeon |   2800 |   2530 |    270 |    586 |   1348 |   5 |  560.0 |
        Temple |     44 |     31 |     13 |      0 |     27 |   1 |   44.0 |
               +--------+--------+--------+--------+--------+-----+--------+

Top non-repeatable levels by time:
     D:2: 1612 daAuts
     D:1: 550 daAuts
     D:3: 510 daAuts
     D:4: 97 daAuts
  Temple: 44 daAuts
     D:5: 29 daAuts
